 Dungeon Crawl Stone Soup version 0.21-a0-104-g7b58145 (webtiles) character file.

16053 tof the Cruncher (level 12, -3/93 HPs)
             Began as a Demonspawn Gladiator on July 6, 2017.
             Was an Elder of Wu Jian.
             Slain by a large slime creature (35 damage)
             ... on level 11 of the Dungeon.
             The game lasted 00:38:47 (16443 turns).

tof the Cruncher (Demonspawn Gladiator)            Turns: 16443, Time: 00:38:48

Health: -3/93      AC: 10    Str: 16    XL:     12   Next: 6%
Magic:  12/12      EV: 18    Int: 15    God:    Wu Jian [****..]
Gold:   749        SH:  0    Dex: 16    Spells: 11/11 levels left

rFire    + . .     SeeInvis .   a - +0 quarterstaff
rCold    + . .     Gourm    .   (shield currently unavailable)
rNeg     . . .     Faith    .   S - +0 steam dragon scales
rPois    +         Spirit   .   (helmet restricted)
rElec    .         Reflect  .   (no cloak)
rCorr    .         Harm     .   (no gloves)
MR       .....                  (no boots)
Stlth    +.........             J - amulet of magic regeneration
HPRegen  0.25/turn              R - +3 ring of intelligence
MPRegen  0.38/turn              q - ring of poison resistance

@: no status effects
A: antennae 2, hooves 1, molten scales 3, cold resistance 1, spiny 3
a: Serpent's Lash, Renounce Religion


You were on level 11 of the Dungeon.
You worshipped Wu Jian.
Wu Jian was greatly pleased with you.
You were not hungry.

You visited 2 branches of the dungeon, and saw 13 of its levels.

You collected 749 gold pieces.

Inventory:

Hand Weapons
 a - a +0 quarterstaff (weapon)
 b - a +0 fustibalus of freezing
Missiles
 d - a throwing net
 o - 7 tomahawks (quivered)
 r - 83 poisoned needles
 u - 6 needles of paralysis
 F - 42 stones
 O - 53 sling bullets
 Q - 4 needles of sleeping
Armour
 S - +0 steam dragon scales (worn)
Jewellery
 f - an uncursed ring of stealth
 j - an uncursed ring of flight
 q - a ring of poison resistance (right hand)
 s - an uncursed amulet of rage
 J - an amulet of magic regeneration (around neck)
 R - a +3 ring of intelligence (left hand)
Wands
 c - a wand of flame (20/48)
 I - a wand of iceblast (9/15)
 L - a wand of disintegration (21/24)
 P - a wand of confusion (16/48)
 T - a wand of enslavement (11/24)
Scrolls
 e - 2 scrolls of blinking
 g - 8 scrolls of remove curse
 i - 2 scrolls of enchant armour
 l - 3 scrolls of fog
 m - a scroll of silence
 n - 3 scrolls of recharging
 t - 2 scrolls of enchant weapon
 v - 3 scrolls of random uselessness {unknown}
 A - 2 scrolls of magic mapping {unknown}
 C - 6 scrolls of teleportation {unknown}
 H - a scroll of immolation {unknown}
 M - a scroll of amnesia {unknown}
 N - 3 scrolls of fear
 U - a scroll of summoning {unknown}
Potions
 x - a potion of agility
 z - 2 potions of brilliance
 B - 3 potions of lignification
 E - 3 potions of curing
Books
 p - a book of Misfortune

   Spells                             Type                      Level
   a - Confusing Touch                Hexes                        1
   b - Confuse                        Hexes                        3
   c - Gell's Gravitas                Translocation                3
   d - Petrify                        Transmutation/Earth          4
   e - Metabolic Englaciation         Hexes/Ice                    5
   f - Yara's Violent Unravelling     Hexes/Transmutation          5
 y - a book of Maledictions

   Spells                             Type                      Level
   a - Corona                         Hexes                        1
   b - Ensorcelled Hibernation        Hexes/Ice                    2
   c - Confuse                        Hexes                        3
   d - Tukima's Dance                 Hexes                        3
   e - Dazzling Spray                 Conjuration/Hexes            3
 D - a book of Necromancy

   Spells                             Type                      Level
   a - Pain                           Necromancy                   1
   b - Animate Skeleton               Necromancy                   1
   c - Vampiric Draining              Necromancy                   3
   d - Regeneration                   Charms/Necromancy            3
   e - Animate Dead                   Necromancy                   4
   f - Control Undead                 Necromancy                   4
 G - a book of Geomancy

   Spells                             Type                      Level
   a - Sandblast                      Earth                        1
   b - Passwall                       Transmutation/Earth          2
   c - Stone Arrow                    Conjuration/Earth            3
   d - Petrify                        Transmutation/Earth          4
   e - Lee's Rapid Deconstruction     Earth                        5
Comestibles
 h - 10 meat rations
 k - 4 fruits
 w - 15 royal jellies


   Skills:
 + Level 8.3 Fighting
 * Level 10.9 Staves
 + Level 4.0(5.7) Slings
 - Level 6.3(6.9) Throwing
 + Level 7.3 Armour
 + Level 8.0 Dodging


You had 11 spell levels left.
You didn't know any spells.

Dungeon Overview and Level Annotations

Branches:
Dungeon (12/15)            Temple (1/1) D:7            Lair (0/6) D:9
    Orc (0/2) D:9

Altars:
Ashenzari
Cheibriados
Dithmenos
Elyvilon
Fedhas
Gozag
Hepliaklqana
Kikubaaqudgha
Makhleb
Nemelex Xobeh
Okawaru
Qazlal
Ru
Sif Muna
Uskayaw
Vehumet
Wu Jian
Xom
Yredelemnul
Zin
The Shining One

Shops:
D:11 %

Annotations:
D:11 obsidian, exclusion: obsidian statue


Innate Abilities, Weirdness & Mutations

You have a pair of antennae on your head.
You are completely covered in molten scales. (AC +4, rF+)
Your flesh is cold resistant. (rC+)
You are completely covered in sharp spines.
You have large cloven feet.


Message History

The large slime creature is moderately wounded.
The large slime creature hits you!!
* * * LOW HITPOINT WARNING * * *
You hit the large slime creature.
You kick the large slime creature, but do no damage.
The large slime creature is heavily wounded.
The large slime creature hits you!!
* * * LOW HITPOINT WARNING * * *
You hit the large slime creature but do no damage.
You kick the large slime creature.
The large slime creature is heavily wounded.
You feel much better.
The large slime creature barely misses you.
You hit the large slime creature but do no damage.
The large slime creature is heavily wounded.
The large slime creature barely misses you.
You sock the large slime creature! You kick the large slime creature.
The large slime creature is heavily wounded.
The large slime creature hits you!!
You die...

#<##.......######. ### #####
#.##...........### ##.##
#...####.##.......###.# #
##.#.###..∩..........[...# #.# #
##.###.##...##.....#.....## #.#
#.## ##....####...###.#.## #.#
##.###.##### ##.## ##.## #.#
##.#.## #.# ### ###.### ####.##
#@# #.....# ......# ##J## #.#.#.#
####..# ##...#########.#.#.# #
##..## ##.....#..........#.#
###.#..## ##........###......#.#
##.###..####.........###.....##.#
###.#......'.....................
###.....####....................#
.......## ##........###.#.#.####


You could see a large slime creature.

Vanquished Creatures
  Josephine (D:11)
  2 two-headed ogres
  Pikel (D:8)
  A deep elf mage (D:12)
  3 ugly things
  The ghost of p0werm0de the Martial Artist, a novice KoCK of Xom (D:6)
  2 centaur zombies
  A centaur skeleton (D:10)
  2 hornets
  3 hippogriffs
  A slime creature (D:12)
  4 wraiths (D:11)
  3 wyverns
  12 yaks
  2 steam dragons
  2 hungry ghosts
  Grum (D:8)
  A water moccasin (D:10)
  2 soldier ants (D:11)
  2 porcupines
  3 orc warriors (D:11)
  6 black bears
  2 ice beasts
  A sky beast (D:7)
  2 phantoms (D:10)
  4 wolves (D:7)
  7 centaurs
  3 ogres
  3 crocodiles
  3 big kobolds
  5 bullfrogs
  5 scorpions
  20 killer bees
  2 howler monkeys (D:10)
  3 jellies
  5 crimson imps
  A bullfrog zombie (D:6)
  6 hounds
  4 quasits
  An orc priest (D:11)
  5 bullfrog skeletons
  6 orc wizards
  An iguana (D:7)
  6 worker ants
  A hound zombie (D:8)
  2 hound skeletons
  2 worker ant zombies
  11 gnolls
  10 adders
  4 shadow imps
  2 oozes
  An adder zombie (D:7)
  2 adder skeletons (D:5)
  2 worms (D:2)
  A dart slug (D:1)
  9 leopard geckos
  37 orcs
  2 ball pythons
  7 giant cockroaches
  A goblin (D:1)
  11 hobgoblins
  9 jackals
  5 quokkas
  A ball python skeleton (D:6)
  11 bats
  3 frilled lizards
  19 kobolds
  A leopard gecko zombie (D:7)
  2 quokka skeletons
  3 rats
310 creatures vanquished.

Vanquished Creatures (others)
  A hippogriff (D:9)
  2 slaves (D:9)
  A crimson imp (D:9)
  A hound (D:9)
  35 fungi (D:9)
  5 plants (D:9)
45 creatures vanquished.

Grand Total: 355 creatures vanquished

Notes
Turn   | Place    | Note
-------+----------+-------------------------------------------
     0 | D:1      | tof the Demonspawn Gladiator began the quest for the Orb.
     0 | D:1      | Reached XP level 1. HP: 16/16 MP: 1/1
   250 | D:1      | Gained mutation: You are partially covered in sharp spines. [demonic ancestry]
   250 | D:1      | Reached XP level 2. HP: 22/22 MP: 2/2
   289 | D:1      | Reached skill level 1 in Armour
   626 | D:1      | Reached skill level 3 in Staves
   939 | D:1      | Gained mutation: You are partially covered in molten scales. (AC +2) [demonic ancestry]
   939 | D:1      | Reached XP level 3. HP: 27/27 MP: 3/3
  1847 | D:3      | Gained mutation: Your flesh is cold resistant. (rC+) [demonic ancestry]
  1847 | D:3      | Reached XP level 4. HP: 32/34 MP: 4/4
  2148 | D:3      | Reached XP level 5. HP: 26/39 MP: 5/5
  3120 | D:4      | Found a hide-covered altar of Uskayaw.
  3124 | D:4      | Found a blossoming altar of Fedhas.
  3205 | D:4      | Noticed an ogre
  3221 | D:4      | Killed an ogre
  3221 | D:4      | Reached skill level 4 in Staves
  3221 | D:4      | Gained mutation: You are mostly covered in sharp spines. [demonic ancestry]
  3221 | D:4      | Reached XP level 6. HP: 12/46 MP: 6/6
  4072 | D:4      | Gained mutation: You are mostly covered in molten scales. (AC +3) [demonic ancestry]
  4072 | D:4      | Reached XP level 7. HP: 44/52 MP: 7/7
  4256 | D:5      | Entered Level 5 of the Dungeon
  4605 | D:5      | Reached skill level 5 in Staves
  5619 | D:6      | Noticed p0werm0de's ghost (novice KoCK)
  5687 | D:6      | HP: 1/53 [p0werm0de's ghost (9)]
  5688 | D:6      | Killed p0werm0de's ghost
  5688 | D:6      | Reached skill level 6 in Staves
  5688 | D:6      | Gained mutation: You have a pair of small antennae on your head. [demonic ancestry]
  5688 | D:6      | Reached XP level 8. HP: 1/60 MP: 8/8
  6621 | D:7      | Gained mutation: You have large cloven feet. [mutagenic meat]
  6845 | D:7      | Found a staircase to the Ecumenical Temple.
  6959 | D:7      | Reached skill level 5 in Dodging
  7014 | Temple   | Entered the Ecumenical Temple
  7109 | Temple   | Became a worshipper of the Wu Jian Council
  7442 | D:8      | Found a white marble altar of Elyvilon.
  7466 | D:8      | Noticed a two-headed ogre
  7540 | D:8      | Killed a two-headed ogre
  7540 | D:8      | Reached skill level 5 in Fighting
  7540 | D:8      | Reached skill level 7 in Staves
  7540 | D:8      | Reached skill level 5 in Throwing
  7540 | D:8      | Gained mutation: You are completely covered in molten scales. (AC +4, rF+) [demonic ancestry]
  7540 | D:8      | Reached XP level 9. HP: 15/68 MP: 9/9
  8010 | D:8      | Noticed Grum
  8233 | D:8      | Killed Grum
  8426 | D:8      | Reached skill level 5 in Armour
  8436 | D:8      | Reached skill level 8 in Staves
  8523 | D:8      | Reached * piety under Wu Jian
  8742 | D:8      | Found a burning altar of Makhleb.
  8828 | D:8      | Found a basalt altar of Yredelemnul.
  8874 | D:8      | Gained mutation: You are completely covered in sharp spines. [demonic ancestry]
  8874 | D:8      | Reached XP level 10. HP: 69/76 MP: 10/10
  9104 | D:9      | Noticed Pikel
  9116 | D:8      | Killed Pikel
  9426 | D:9      | Found a staircase to the Orcish Mines.
 10073 | D:9      | HP: 2/77 [black bear (5)]
 10076 | D:9      | Reached skill level 9 in Staves
 10580 | D:9      | Found a staircase to the Lair.
 10943 | D:10     | Entered Level 10 of the Dungeon
 11166 | D:10     | Reached skill level 1 in Slings
 11204 | D:10     | Reached ** piety under Wu Jian
 11450 | D:10     | Paralysed by a hornet for 2 turns
 11938 | D:10     | Reached XP level 11. HP: 82/84 MP: 11/11
 12225 | D:11     | Found Rietismi's Food Shop.
 12556 | D:11     | Reached *** piety under Wu Jian
 12680 | D:11     | Found a radiant altar of Vehumet.
 12792 | D:11     | Noticed a two-headed ogre
 12802 | D:11     | Killed a two-headed ogre
 12879 | D:11     | Reached skill level 10 in Staves
 13046 | D:11     | Noticed Josephine
 13085 | D:11     | Killed Josephine
 13577 | D:11     | Noticed a green ugly thing
 13592 | D:11     | Killed a green ugly thing
 13668 | D:11     | Noticed an obsidian statue
 13837 | D:11     | Noticed a cyan ugly thing
 13844 | D:11     | Killed a cyan ugly thing
 14443 | D:11     | Reached **** piety under Wu Jian
 14943 | D:12     | Noticed a brown ugly thing
 14954 | D:12     | Noticed a deep elf mage
 14981 | D:12     | Killed a brown ugly thing
 15539 | D:12     | Killed a deep elf mage
 15539 | D:12     | Gained mutation: You have a pair of antennae on your head. [demonic ancestry]
 15539 | D:12     | Reached XP level 12. HP: 41/93 MP: 12/12
 16443 | D:11     | Slain by a large slime creature

Vault maps used:
D:1:      minmay_arrival_shoal_huts
D:2:      corner_web_ring
D:3:      serial_bayou_pond_e, kennysheep_big_empty_room
D:4:      grunt_temple_overflow_open
D:5:      first_bread, grunt_decor_mini_mirrors
D:6:      amethyst_killhole
D:7:      minmay_temple_entry_large_hall, kennysheep_another_room
D:8:      kennysheep_ying_yang, nicolae_overflow_hidden_temple, uniq_grum
D:9:      due_lair_maze_entry_diamond, uniq_pikel
D:11:     minmay_statue_hallways, serial_shops, shop, basic_altar,
          hangedman_pestilent_swarm, uniq_josephine
D:12:     lab_entry_generic, evilmike_minifort
Temple:   lightli_temple_of_artemis

Skill      XL: |  1  2  3  4  5  6  7  8  9 10 11 |
---------------+----------------------------------+-----
Throwing       | 2 3 4 5 6 |  6.3
Armour         | 1 2 3 4 5 6 7 |  7.3
Staves         | 3 4 6 7 8 9 10 | 10.9
Dodging        | 3 4 5 6 8 |  8.0
Fighting       | 3 4 5 6 7 8 |  8.3
Slings         | 1 4 |  4.0

Action                   |  1- 3 |  4- 6 |  7- 9 | 10-12 || total
-------------------------+-------+-------+-------+-------++-------
Melee: Quarterstaff      |   121 |   102 |   267 |   539 ||  1029
       Kick              |       |       |    43 |   196 ||   239
 Fire: Fustibalus        |       |       |       |    29 ||    29
Throw: Throwing net      |       |     3 |     2 |       ||     5
       Tomahawk          |       |       |       |     2 ||     2
  Use: Scroll            |     2 |       |     7 |     2 ||    11
       Potion            |       |     2 |     4 |     5 ||    11
 Stab: Distracted        |     1 |       |       |       ||     1
       Held in net/web   |       |     1 |       |       ||     1
       Sleeping          |       |       |       |     2 ||     2
  Eat: Chunk             |     3 |     7 |    12 |    11 ||    33
       Bread ration      |       |       |     1 |     2 ||     3
       Royal jelly       |       |       |       |     1 ||     1
       Fruit             |       |       |       |     3 ||     3
Armor: Leather armour    |    19 |       |       |       ||    19
       Scale mail        |    25 |    27 |   118 |    40 ||   210
       Steam dragon scal |       |       |       |    62 ||    62
Dodge: Dodged            |    71 |    48 |   177 |   345 ||   641
